Map: Purity and Industry LE

Players

INnoVation - Winner!

  • Race: Terran Terran
  • League: Master
  • Spawn Location: 12:00

soO

  • Race: Zerg Zerg
  • Spawn Location: 3:00

Event: Shopify TSL 5

VOD

Have the link to the VOD?

Description

Time

  • Played on: June 7, 2020, 11:13 a.m.
  • Length: 15:52

All games in this series

Show
View Real Time Build Order
Export as new Build Order

INnoVation Terran - Winner!

Build Orders: Hellion Opening, Liberator Opening, Reaper Expand 

Get SALT Encoding   

  12  0:00  SCV  
  13  0:12  SCV  
  14  0:17  Supply Depot  
  14  0:24  SCV  
  15  0:39  SCV, Barracks  
  16  0:44  Refinery  
  16  0:51  SCV  
  17  1:03  SCV  
  18  1:15  SCV  
  19  1:27  Reaper, Orbital Command  
  20  1:40  Command Center  
  20  1:51  Supply Depot  
  20  1:52  SCV  
  21  1:59  Marine  
  22  2:05  SCV  
  23  2:08  Factory  
  23  2:14  Refinery  
  23  2:17  SCV  
  23  2:22  Barracks Reactor  
  24  2:29  SCV  
  25  2:41  SCV  
  26  2:53  Orbital Command  
  26  2:54  SCV, Starport  
  27  3:01  Hellion  
  27  3:02  Hellion  
  27  3:05  Barracks Tech Lab  
  31  3:06  SCV  
  32  3:18  SCV  
  33  3:22  SCV  
  33  3:25  Hellion x2  
  37  3:31  Medivac  
  37  3:33  SCV  
  37  3:34  SCV  
  41  3:35  Stimpack  
  41  3:37  Supply Depot  
  41  3:46  SCV, Hellion x2  
  46  3:58  SCV, Marine  
  46  4:00  SCV  
  46  4:01  Supply Depot  
  46  4:02  Liberator  
  52  4:10  SCV  
  52  4:14  SCV  
  54  4:19  Command Center  
  54  4:22  Marine  
  54  4:23  SCV  
  56  4:30  Barracks, Factory Tech Lab  
  56  4:31  Barracks  
  56  4:33  SCV  
  56  4:35  SCV  
  56  4:36  Supply Depot  
  58  4:40  Marine  
  59  4:46  SCV  
  59  4:47  SCV, Starport Reactor  
  57  4:58  SCV, Engineering Bay  
  57  4:59  SCV  
  55  5:01  Engineering Bay, Refinery  
  55  5:02  Refinery  
  55  5:03  Marine  
  55  5:04  Siege Tank  
  59  5:10  SCV  
  59  5:11  SCV  
  59  5:13  Supply Depot  
  61  5:18  Combat Shield  
  61  5:21  Marine  
  61  5:25  SCV x2  
  61  5:27  Marine x2  
  66  5:29  Terran Infantry Weapons Level 1  
  66  5:32  Orbital Command  
  66  5:33  Marine x2  
  66  5:34  Starport Reactor  
  68  5:39  Marine  
  68  5:40  Missile Turret  
  68  5:42  Terran Infantry Armor Level 1  
  69  5:45  Marine  
  69  5:46  SCV x2  
  69  5:47  Marine  
  70  5:51  Marine  
  70  5:54  Missile Turret  
  70  5:56  Missile Turret  
  71  5:59  Marine x2  
  71  6:01  Siege Tank  
  71  6:02  Orbital Command  
  76  6:09  Marine x2  
  76  6:10  Marine  
  79  6:13  Medivac x2  
  79  6:16  Marine x2  
  79  6:17  SCV  
  79  6:18  SCV  
  87  6:19  Supply Depot  
  87  6:28  Barracks  
  87  6:29  Barracks  
  85  6:33  SCV x2  
  85  6:34  SCV, Siege Tank  
  91  6:41  Marine  
  91  6:42  Marine x3  
  91  6:43  Supply Depot  
  95  6:47  SCV  
  95  6:48  Armory, SCV  
  95  6:53  Missile Turret  
  97  6:58  Marine  
  97  6:59  Marine x3  
  101  7:03  Supply Depot  
  101  7:04  Supply Depot  
  101  7:05  Marine  
  101  7:06  Siege Tank  
  105  7:14  Medivac x2  
  109  7:21  Supply Depot  
  109  7:22  Supply Depot  
  109  7:23  Barracks Reactor x2  
  109  7:24  Marine x3  
  109  7:25  SCV x3  
  115  7:38  SCV x2  
  115  7:39  SCV  
  115  7:42  Terran Infantry Armor Level 2, Terran Infantry Weapons Level 2  
  115  7:43  Marine x4  
  115  7:44  Marine  
  123  7:47  Refinery  
  123  7:48  Refinery  
  123  7:50  Siege Tank  
  126  7:57  SCV x2  
  129  7:58  SCV  
  129  8:01  Marine x4  
  129  8:04  Supply Depot x2  
  133  8:11  Medivac  
  135  8:15  Marine  
  135  8:16  Marine x4  
  135  8:19  Marine  
  141  8:25  Marine x3  
  141  8:26  Factory  
  144  8:27  Siege Tank  
  144  8:28  Supply Depot  
  144  8:29  Supply Depot  
  144  8:33  SCV x2  
  145  8:38  Marine x2  
  145  8:42  Missile Turret  
  135  8:49  Medivac  
  135  8:50  Medivac  
  135  8:53  SCV x3  
  135  8:55  Marine x4  
  144  9:05  Refinery  
  144  9:06  Thor  
  144  9:07  SCV  
  144  9:08  SCV  
  144  9:09  SCV  
  153  9:11  Factory Reactor  
  153  9:14  Drilling Claws  
  153  9:19  Marine  
  153  9:20  Marine x5  
  159  9:27  Medivac x2  
  163  9:35  Marine x3  
  163  9:37  Marine  
  163  9:38  Marine x2  
  169  9:46  Command Center  
  169  9:49  Widow Mine  
  169  9:50  Widow Mine, Sensor Tower  
  173  10:03  Medivac x2  
  172  10:10  Supply Depot x2  
  172  10:16  Thor  
  133  10:26  Marauder, Widow Mine x2, Marine x8  
  143  10:30  SCV  
  143  10:31  SCV x2  
  143  10:35  Medivac x2  
  150  10:44  Marine x2  
  150  10:45  Marine x5  
  150  10:47  Marauder  
  159  10:50  Widow Mine x2  
  159  10:55  SCV x3  
  166  10:59  Planetary Fortress  
  166  11:04  Missile Turret  
  166  11:06  Thor  
  166  11:10  Missile Turret  
  172  11:12  Missile Turret  
  172  11:14  Medivac x2  
  174  11:19  Widow Mine x2  
  174  11:23  Marine  
  174  11:24  Marauder, Marine x7  
  185  11:37  Barracks  
  185  11:39  Barracks  
  181  11:41  Marine x2, Barracks  
  181  11:45  Widow Mine x2, Marine x4  
  181  11:46  Marauder, Marine x2  
  195  11:48  Terran Infantry Weapons Level 3, Terran Infantry Armor Level 3  
  195  11:52  Thor  
  196  11:57  SCV x3  
  196  11:58  Missile Turret  
  192  12:06  Marine x8  
  192  12:07  Marauder  
  196  12:19  Medivac x2  
  165  12:24  Marine x8, Widow Mine x2  
  165  12:28  Marauder  
  160  12:38  Barracks Tech Lab x2  
  160  12:39  Barracks Tech Lab, Thor  
  160  12:42  Marine x2  
  168  12:49  Medivac x2  
  168  12:50  Widow Mine x2  
  176  12:57  Terran Vehicle And Ship Armor Level 1, Marauder  
  176  12:58  Marauder x2  
  182  12:59  Concussive Shells, Command Center  
  182  13:01  Marauder, Marine  
  181  13:06  Marine x4  
  184  13:13  Marine x3, Widow Mine x2  
  184  13:17  Marine  
  192  13:26  Thor  
  198  13:29  Marauder, Marine x2  
  200  13:45  Marine  
  192  13:55  Widow Mine  
  192  13:56  Widow Mine  
  192  13:57  Marauder x4  
  192  13:58  Marine  
  192  13:59  Marine x6  
  199  14:03  Marine  
  200  14:11  Planetary Fortress  
  200  14:16  Marine  
  200  14:20  Widow Mine  
  200  14:22  Medivac  
  200  14:23  Medivac  
  158  14:24  Marauder x2  
  158  14:25  Marauder  
  158  14:26  Marine x8  
  158  14:28  Thor  
  158  14:30  Widow Mine  
  165  14:34  Marine  
  144  14:44  Marine x6  
  144  14:45  Marauder, Widow Mine  
  152  14:46  Marauder  
  152  14:52  Medivac, Widow Mine  
  156  14:53  Medivac  
  156  14:54  Marauder x2, Marine  
  156  14:55  Marine  
  166  15:02  Marine x3  
  166  15:06  Marauder  
  171  15:07  Marauder  
  171  15:11  Marine x3  
  171  15:12  Marine  
  171  15:13  Marine  
  167  15:16  Marauder x2  
  174  15:19  Marine  
  174  15:20  Marine  
  174  15:28  Marauder  
Show
View Real Time Build Order
Export as new Build Order

soO Zerg 

Build Orders: Hatch First, Muta Ling Bane 

Get SALT Encoding   

  12  0:00  Drone  
  13  0:13  Overlord  
  13  0:16  Drone  
  14  0:31  Drone x2  
  16  0:48  Hatchery  
  15  0:51  Drone  
  15  0:55  Drone  
  17  0:58  Drone  
  18  1:09  Extractor  
  17  1:14  Spawning Pool  
  17  1:16  Drone  
  17  1:20  Drone  
  18  1:29  Drone  
  19  1:39  Drone  
  20  1:50  Overlord  
  20  2:00  Queen x2  
  20  2:01  Zergling x4  
  26  2:11  Drone  
  26  2:12  Drone, Metabolic Boost  
  28  2:24  Drone x2  
  30  2:36  Queen  
  31  2:37  Queen  
  31  2:40  Overlord  
  31  2:43  Drone  
  33  2:44  Drone  
  33  2:47  Drone  
  36  2:58  Drone x2  
  36  3:05  Drone x2  
  39  3:08  Drone  
  39  3:10  Drone  
  39  3:11  Overlord  
  41  3:14  Lair  
  41  3:15  Drone  
  41  3:16  Spore Crawler  
  41  3:19  Drone  
  42  3:21  Drone  
  42  3:26  Overlord  
  44  3:29  Extractor  
  44  3:31  Drone  
  44  3:32  Zergling x2  
  44  3:33  Drone  
  46  3:40  Drone  
  47  3:41  Drone  
  47  3:43  Drone x3  
  47  3:46  Drone x3  
  54  3:49  Queen  
  56  3:56  Zergling x4  
  58  4:06  Hatchery  
  58  4:09  Drone  
  58  4:13  Drone, Baneling Nest  
  58  4:18  Spire  
  58  4:20  Queen  
  58  4:22  Extractor  
  58  4:23  Zergling x2  
  58  4:24  Extractor  
  58  4:28  Overlord  
  58  4:31  Overlord  
  58  4:34  Drone  
  59  4:38  Overlord  
  58  4:47  Zergling x4  
  58  4:48  Zergling x2  
  57  4:53  Drone  
  57  4:54  Spore Crawler  
  57  4:55  Drone x3  
  61  5:05  Drone  
  61  5:06  Drone x3  
  65  5:10  Drone  
  66  5:20  Drone x2  
  68  5:31  Mutalisk x5  
  68  5:34  Drone  
  68  5:35  Drone x4  
  83  5:39  Overlord  
  82  5:45  Drone x2  
  84  5:50  Drone  
  84  5:53  Zerg Flyer Weapons Level 1  
  84  5:56  Drone  
  87  5:57  Drone x3  
  87  5:59  Drone x2  
  87  6:03  Centrifical Hooks  
  91  6:06  Drone x2  
  91  6:07  Extractor  
  91  6:08  Overlord  
  91  6:09  Extractor  
  91  6:12  Drone  
  91  6:13  Evolution Chamber  
  91  6:14  Evolution Chamber  
  91  6:16  Mutalisk  
  91  6:19  Overlord  
  91  6:20  Drone  
  91  6:22  Drone  
  91  6:24  Overlord  
  93  6:26  Mutalisk  
  93  6:32  Mutalisk  
  95  6:33  Overlord  
  95  6:36  Drone x2  
  95  6:38  Zergling x12  
  105  6:44  Zerg Ground Armor Level 1  
  105  6:47  Zerg Melee Weapons Level 1  
  105  6:52  Overlord x2  
  105  6:53  Mutalisk  
  107  6:57  Zergling x8  
  111  7:06  Hatchery  
  110  7:08  Mutalisk x2  
  110  7:14  Zergling x12  
  120  7:18  Baneling x7  
  120  7:23  Zergling x8  
  120  7:25  Mutalisk  
  126  7:30  Zergling x10  
  131  7:38  Mutalisk x2  
  131  7:42  Zergling x4  
  131  7:43  Overlord  
  137  7:46  Overlord  
  137  7:54  Baneling x5  
  137  7:59  Overlord  
  137  8:02  Mutalisk x2  
  141  8:12  Drone x11  
  152  8:18  Baneling x8  
  153  8:20  Zergling x8  
  153  8:26  Overlord, Zerg Flyer Weapons Level 2  
  156  8:28  Zergling x8  
  156  8:29  Baneling x4  
  156  8:30  Baneling  
  160  8:40  Zergling x10  
  163  8:47  Extractor  
  134  8:50  Zergling x18  
  134  8:51  Baneling x9  
  143  8:58  Zergling x8  
  143  9:02  Mutalisk x3  
  153  9:07  Baneling  
  153  9:12  Hatchery  
  153  9:15  Zerg Ground Armor Level 2  
  152  9:22  Zergling x12  
  152  9:24  Overlord, Zerg Melee Weapons Level 2  
  158  9:31  Zergling x16  
  166  9:33  Overlord  
  161  9:39  Zergling x6  
  164  9:45  Overseer  
  164  9:46  Zergling x2  
  165  9:53  Baneling  
  165  9:54  Overseer  
  165  9:55  Zergling x10  
  170  10:04  Zergling x2  
  170  10:05  Zergling x12  
  174  10:09  Baneling x9  
  174  10:11  Zergling x6  
  142  10:22  Mutalisk x3  
  142  10:23  Mutalisk x2  
  152  10:28  Zergling x16  
  152  10:35  Baneling x6  
  160  10:38  Zergling x8  
  163  10:48  Zergling x10  
  168  10:53  Drone  
  168  10:55  Zergling x20, Baneling x4  
  179  10:58  Pneumatized Carapace  
  179  11:00  Zergling x2  
  179  11:01  Zergling x2  
  180  11:13  Hatchery  
  180  11:15  Zergling x2  
  180  11:16  Zergling x14  
  187  11:22  Overlord x2  
  183  11:28  Baneling x6  
  178  11:36  Zergling x14  
  184  11:44  Zergling x18  
  184  11:46  Overlord  
  192  11:56  Infestation Pit  
  192  11:58  Mutalisk x2  
  192  11:59  Mutalisk  
  195  12:03  Baneling  
  195  12:06  Zergling x8  
  199  12:13  Baneling  
  198  12:20  Zergling x24  
  174  12:26  Zergling x18  
  174  12:27  Zergling x2  
  178  12:32  Zergling x4  
  168  12:37  Hive  
  168  12:40  Overseer x4  
  168  12:44  Baneling  
  168  12:45  Baneling x11  
  168  12:46  Zergling x14  
  175  12:54  Zergling x22  
  185  12:59  Drone x3  
  188  13:11  Zerg Flyer Armor Level 1  
  188  13:12  Zergling x20  
  196  13:37  Drone  
  197  13:44  Zergling x6  
  197  13:46  Baneling x9  
  197  13:48  Hatchery  
  199  13:51  Baneling x5  
  199  13:52  Zergling x2  
  191  13:59  Zergling x30  
  191  14:00  Baneling x4  
  191  14:01  Baneling x3  
  199  14:07  Zergling x2  
  199  14:08  Zergling x8  
  199  14:12  Adrenal Glands  
  199  14:14  Baneling x8  
  186  14:17  Zergling x4  
  135  14:24  Mutalisk x2  
  135  14:25  Mutalisk x7  
  135  14:29  Zergling x10  
  138  14:34  Mutalisk  
  138  14:35  Mutalisk x2  
  133  14:38  Zergling x2  
  133  14:39  Zergling x2  
  133  14:44  Zergling x14  
  139  14:46  Baneling x5  
  139  14:48  Mutalisk  
  141  14:53  Zergling x10  
  141  14:54  Baneling x2  
  141  14:58  Baneling  
  141  14:59  Baneling x4  
  143  15:01  Zergling x8  
  143  15:07  Zergling x4  
  148  15:12  Zergling x14  
Tags
 
Add a new tag
Caveats
  • Supply blocks, unpowered buildings, or Contaminate may cause inaccurate times.
  • Supply counts are checked every 10 seconds.